AoeStats
← schmeno

Arabian Desert

509182739Analyzed
1v1 RM · 7d ago on Sep 25, 2026· 17m 7s· 2 players
Game mode
Random Map
Map size
Tiny (2 player)
Population
200
Speed
Normal
Resources
Standard
Victory
Conquest
Starting age
Dark Age
Ending age
Imperial Age
RankedLock teamsTeams togetherTeam positionsShared explorationLock speedFull tech treeHidden civsTurbo modeCheats
Victory
Defeat
🇬🇧 Varangians · United Kingdom
1157
+16
🇺🇸 Franks · United States
1162
-16
mx5milton
4:56 Loom
7:11 Loom
9:28 Feudal Age
10:21 Double-Bit Axe
11:58 Bloodlines
14:22 Scale Barding Armor
15:56 Forging
schmeno
6:47 Loom
9:56 Feudal Age
10:31 Double-Bit Axe
Connection lost

Rejoining the realm…

Still unreachable

The connection could not be restored.

Session expired

The server has moved on; the page needs a fresh start.